Map: King Sejong Station LE

Players

BGO

  • Race: Terran Terran
  • League: Master

NoobCake - Winner!

  • Race: Zerg Zerg
  • League: Master

VOD

Have the link to the VOD?

Description

Time

  • Played on: June 15, 2016, 1:26 p.m.
  • Length: 11:33
Show
View Real Time Build Order
Export as new Build Order

BGO Terran 

Build Orders: Reaper Expand, MMM Bio 

Get SALT Encoding   

  12  0:01  SCV  
  13  0:13  SCV  
  14  0:18  Supply Depot  
  14  0:25  SCV  
  15  0:39  SCV  
  15  0:40  Barracks  
  16  0:44  Refinery  
  16  0:51  SCV  
  17  1:03  SCV  
  18  1:15  SCV  
  19  1:27  Orbital Command  
  19  1:30  Reaper  
  20  1:44  Command Center  
  20  1:54  SCV  
  21  2:02  Barracks, Barracks Reactor  
  21  2:06  SCV  
  22  2:13  Supply Depot  
  22  2:16  Refinery  
  22  2:18  SCV  
  23  2:35  SCV  
  24  2:39  Factory  
  24  2:45  Marine x2  
  24  2:47  SCV  
  24  2:48  Barracks Tech Lab  
  27  2:56  Orbital Command  
  27  2:59  SCV  
  28  3:08  Marine  
  28  3:09  Marine x2, Stimpack  
  31  3:24  SCV  
  32  3:27  SCV  
  32  3:29  Marine x2  
  32  3:33  Factory Reactor, Starport  
  35  3:37  SCV  
  36  3:45  Supply Depot  
  36  3:46  SCV  
  37  3:49  SCV  
  37  3:50  Marine x2  
  40  3:58  SCV  
  40  4:01  SCV  
  42  4:05  Marine  
  42  4:07  Marine  
  42  4:09  Supply Depot  
  44  4:10  SCV  
  44  4:13  SCV  
  46  4:21  Medivac x2  
  46  4:22  Factory Reactor, SCV  
  51  4:25  SCV  
  52  4:34  SCV  
  52  4:35  Supply Depot  
  52  4:37  SCV  
  54  4:38  Marine  
  54  4:39  Command Center  
  54  4:40  Marine  
  54  4:41  Marine  
  57  4:47  SCV  
  57  4:49  SCV  
  59  4:56  Marine  
  59  4:58  Marine  
  61  5:09  SCV x2, Supply Depot  
  61  5:10  Marine  
  61  5:14  Marine  
  64  5:16  Marine  
  64  5:17  Barracks  
  64  5:18  Engineering Bay, Barracks  
  64  5:19  Factory Tech Lab, Barracks  
  64  5:20  Engineering Bay  
  64  5:21  SCV  
  67  5:22  Refinery  
  67  5:23  SCV, Refinery  
  65  5:42  Marine x3  
  66  5:45  Medivac, Siege Tank  
  70  5:58  Supply Depot, Orbital Command  
  70  5:59  Marine x2  
  70  6:00  Marine  
  70  6:01  Combat Shields  
  70  6:03  Terran Infantry Armor Level 1, Terran Infantry Weapons Level 1  
  73  6:04  SCV  
  73  6:05  SCV  
  73  6:06  Marine  
  73  6:08  Barracks Reactor  
  73  6:09  Barracks Reactor  
  76  6:17  Marine  
  77  6:20  SCV  
  78  6:27  Marine x4  
  78  6:30  Siege Tank  
  85  6:34  Medivac, Orbital Command  
  85  6:35  Marine  
  88  6:45  Marine x4  
  88  6:46  Barracks Reactor  
  87  7:01  Marine  
  73  7:02  SCV x2  
  73  7:03  Marine x2  
  76  7:24  Refinery  
  76  7:27  Supply Depot x2  
  76  7:36  Supply Depot  
  76  7:37  Supply Depot  
  76  7:43  Marine  
  77  7:48  Medivac x2, Marine x8, SCV x2  
  77  7:49  SCV  
  92  8:00  SCV x2, Marine  
  92  8:01  SCV  
  92  8:05  Siege Tank  
  91  8:06  Marine x8  
  99  8:13  SCV x2  
  99  8:18  Marine  
  102  8:24  Marine x5  
  107  8:27  Marine x2  
  107  8:33  Marine  
  108  8:36  Medivac, Marine  
  108  8:38  Medivac, Armory  
  104  8:42  Marine x3  
  100  9:08  Marine  
  100  9:09  Marine x2  
  103  9:10  Marine  
  103  9:11  Marine x5  
  100  9:18  Siege Tank  
  100  9:23  SCV x2, Factory  
  109  9:26  SCV  
  109  9:28  Marine x3, Liberator x2  
  109  9:38  SCV x2, Marine  
  114  9:46  Supply Depot x2  
  114  9:50  Marine  
  114  9:51  Marine x2  
  117  10:07  Marine x4  
  117  10:08  Siege Tank  
  117  10:09  Factory Reactor, Marine  
  117  10:10  Marine x2  
  117  10:12  SCV  
  117  10:13  Marine x2  
  130  10:25  Marine x3  
  133  10:38  Marine x3  
  133  10:39  Marine x3  
  125  10:43  Marine x3  
  101  10:56  Marine x3  
  101  10:57  Marine  
  80  11:08  Marine x2  
Show
View Real Time Build Order
Export as new Build Order

NoobCake Zerg - Winner!

Build Orders: Hatch First 

Get SALT Encoding   

  12  0:01  Drone  
  13  0:12  Overlord  
  13  0:17  Drone  
  14  0:23  Extractor, Drone  
  15  0:31  Drone  
  15  0:35  Drone  
  17  0:53  Hatchery  
  17  0:55  Drone  
  17  1:09  Spawning Pool  
  16  1:12  Drone  
  16  1:15  Drone  
  16  1:18  Drone  
  19  1:41  Hatchery  
  18  1:55  Queen  
  18  1:56  Zergling x4  
  22  2:04  Queen  
  22  2:07  Drone  
  25  2:08  Drone  
  25  2:12  Drone  
  27  2:18  Overlord  
  27  2:24  Overlord  
  27  2:29  Drone  
  27  2:39  Queen  
  27  2:44  Queen  
  31  2:55  Drone x4  
  31  2:57  Drone  
  36  3:00  Drone  
  37  3:06  Queen  
  39  3:16  Drone x3  
  39  3:17  Drone  
  43  3:20  Extractor  
  43  3:22  Extractor  
  43  3:23  Drone x2  
  43  3:26  Drone  
  44  3:31  Drone x3  
  47  3:37  Drone x3  
  50  3:59  Overlord x2, Evolution Chamber x2  
  50  4:00  Overlord x2  
  48  4:10  Metabolic Boost  
  48  4:18  Drone x9  
  48  4:21  Zergling x4  
  48  4:22  Zergling x2  
  60  4:24  Zergling x2  
  60  4:26  Zergling x2  
  60  4:28  Zergling x2  
  63  4:34  Zerg Ground Armor Level 1  
  63  4:40  Drone x2  
  63  4:41  Zergling x4  
  63  4:42  Zergling x2  
  63  4:43  Zergling x2  
  69  4:53  Zerg Melee Weapons Level 1  
  69  4:54  Drone x2  
  69  4:55  Drone  
  69  4:57  Overlord x2  
  69  4:58  Overlord  
  72  5:04  Baneling Nest, Zergling x2  
  72  5:08  Overlord, Zergling x2  
  72  5:09  Overlord  
  73  5:18  Zergling x2  
  73  5:19  Zergling x12  
  80  5:23  Zergling x2  
  80  5:26  Zergling x2  
  81  5:40  Drone x3  
  78  5:51  Drone x2  
  78  5:52  Zergling x2  
  78  5:53  Zergling x12  
  87  6:01  Zergling x2  
  87  6:04  Zergling x8  
  92  6:06  Lair  
  92  6:11  Hatchery  
  91  6:12  Zergling x6  
  91  6:15  Zergling x2  
  95  6:19  Zergling x2  
  95  6:24  Baneling  
  95  6:25  Baneling x11  
  96  6:28  Zergling x12  
  96  6:32  Queen, Hatchery  
  104  6:37  Zergling x4  
  103  6:59  Zergling x20  
  103  7:00  Zergling x4  
  100  7:11  Zergling x2  
  100  7:12  Zergling x6  
  100  7:13  Centrifical Hooks  
  104  7:20  Baneling  
  104  7:21  Baneling x5  
  104  7:22  Zergling x8  
  108  7:23  Zergling x6  
  108  7:28  Drone  
  108  7:29  Extractor  
  111  7:30  Extractor, Overlord x4  
  110  7:43  Overlord  
  110  7:44  Overlord  
  110  7:47  Zerg Melee Weapons Level 2  
  110  7:49  Drone x3  
  110  7:50  Drone x3  
  110  7:51  Drone x4, Hatchery  
  115  7:52  Drone  
  116  7:59  Zergling x10  
  116  8:00  Zergling x4  
  104  8:09  Zergling x10  
  105  8:16  Baneling x6  
  105  8:18  Zergling x16  
  105  8:19  Zergling x2  
  114  8:23  Zergling x4  
  110  8:32  Zergling x4  
  110  8:33  Zergling x2  
  105  8:36  Zergling x4  
  105  8:38  Zergling x2  
  105  8:40  Zergling x6  
  105  8:41  Zergling x4  
  97  8:50  Zerg Ground Armor Level 2  
  95  9:03  Zergling x20  
  95  9:08  Zergling x2  
  95  9:09  Zergling x2  
  108  9:10  Zergling x2  
  108  9:12  Zergling x2  
  108  9:13  Zergling x4  
  108  9:15  Zergling x2  
  112  9:19  Zergling x2  
  112  9:22  Zergling x2  
  112  9:23  Zergling x4  
  116  9:31  Zergling x8  
  107  9:33  Queen x2  
  113  9:38  Baneling  
  113  9:39  Baneling x10  
  113  9:41  Zergling x10  
  113  9:45  Zergling x10  
  123  9:50  Drone x3  
  126  9:53  Drone x3  
  129  10:00  Drone x3  
  129  10:02  Baneling x5  
  129  10:06  Drone  
  129  10:07  Drone x2  
  135  10:08  Drone x4  
  135  10:13  Drone x3  
  142  10:17  Drone  
  142  10:18  Drone x2  
  142  10:20  Drone  
  142  10:21  Drone x2  
  148  10:22  Zergling x2  
  149  10:30  Zergling x10  
  135  10:44  Zergling x2  
  135  10:45  Zergling x28  
  135  10:48  Zergling x4  
  135  10:49  Zergling x2  
  147  10:52  Baneling  
  147  10:53  Baneling x7  
  146  11:03  Zergling x24  
  137  11:08  Zergling x2  
  127  11:24  Infestation Pit  
Tags
 
Add a new tag
Caveats
  • Supply blocks, unpowered buildings, or Contaminate may cause inaccurate times.
  • Supply counts are checked every 10 seconds.